 Dungeon Crawl Stone Soup version 0.30.1 (webtiles) character file.

Game seed: 8570846636283139924

24 adizb the Caller (level 2, 0/20 HPs)
             Began as a Demigod Summoner on July 6, 2023.
             Succumbed to an adder's poison
             ... on level 2 of the Dungeon.
             The game lasted 00:04:19 (737 turns).

adizb the Caller (Demigod Summoner)                  Turns: 737, Time: 00:04:20

Health: 0/20       AC:  2    Str:  9    XL:     2   Next: 60%
Magic:  6/7        EV: 12    Int: 17    God:
Gold:   67         SH:  0    Dex: 14    Spells: 4/5 levels left

rFire   . . .        k - +0 whip
rCold   . . .        (no shield)
rNeg    . . .        a - +0 robe
rPois   .            (no helmet)
rElec   .            (no cloak)
rCorr   .            (no gloves)
SInv    .            (no boots)
Will    .....        (no amulet)
Stlth   ++           (no ring)
HPRegen 0.23/turn    (no ring)
MPRegen 0.10/turn

%: no passive effects
@: brilliant, lethally poisoned (0 -> -1)
A: high MP 1, forlorn, divine attributes
a: no special abilities


You were on level 2 of the Dungeon.
You visited 1 branch of the dungeon, and saw 2 of its levels.

You collected 67 gold pieces.

Inventory:

Hand Weapons
 k - a +0 whip (weapon)
Armour
 a - a +0 robe (worn)
 n - a +0 leather armour
Jewellery
 h - a +6 ring of strength
Scrolls
 f - a scroll of blinking {unknown}
 g - 2 scrolls of identify {unknown}
 m - a scroll of poison {unknown}
Potions
 b - a potion of magic
 c - a potion of might {unknown}
 d - a potion of ambrosia {unknown}
 e - a potion of brilliance
 i - 2 potions of curing {unknown}
 j - a potion of haste {unknown}
 l - a potion of resistance {unknown}
 o - a potion of lignification {unknown}


   Skills:
 + Level 2.3 Dodging
 - Level 1.7 Stealth
 + Level 2.1 Spellcasting
 + Level 3.9 Summonings


You had 4 spell levels left.
You knew the following spells:

 Your Spells              Type           Power      Damage    Failure   Level
a - Summon Small Mammal   Summ           88%        N/A       3%          1

Your spell library contained the following spells:

 Spells                   Type           Power      Damage    Failure   Level
 Call Imp                 Summ           44%        N/A       6%          2
 Call Canine Familiar     Summ           22%        N/A       12%         3
 Summon Guardian Golem    Hex/Summ       12%        N/A       26%         3
 Summon Lightning Spire   Summ/Air       12%        N/A       63%         4


Dungeon Overview and Level Annotations

Branches:
Dungeon (2/15)


Innate Abilities, Weirdness & Mutations

You have an increased reservoir of magic. (+10% MP)
You shall have no god before yourself.
Your divine heritage dramatically boosts your attributes as you level up.


Message History

The adder is moderately wounded.
The adder bites you. The frilled lizard barely misses you.
Your rat barely misses the adder.
You hit the adder but do no damage. Your punch misses the adder.
The adder is moderately wounded.
The adder closely misses you. The frilled lizard bites you.
Your rat barely misses the adder.
Your rat completely misses the adder.
The adder bites you.
You are poisoned.
The adder poisons you!
You hit the adder.
The adder is severely wounded.
You feel sick. The adder closely misses you.
Your rat closely misses the adder.
The frilled lizard bites you.
Your rat barely misses the adder.
You barely miss the adder.
The adder is severely wounded.
You feel sick. The adder bites you. The frilled lizard barely misses you.
Your rat barely misses the adder.
Your rat bites the adder.
The adder closely misses your rat.
You hit the adder but do no damage.
The adder is almost dead.
You feel sick. The frilled lizard closely misses you.
Your rat closely misses the adder.
Your rat barely misses the adder.
The adder bites you.
* * * LOW HITPOINT WARNING * * *
You barely miss the adder.
The adder is almost dead.
You feel sick. The adder bites you.
* * * LOW HITPOINT WARNING * * *
The frilled lizard closely misses you.
Your rat bites the adder.
Your rat closely misses the adder.
You miss the adder.
The adder is almost dead.
* * * LOW HITPOINT WARNING * * *
You feel sick. The adder closely misses you.
The frilled lizard barely misses you.
Your rat misses the adder.
Your rat closely misses the adder.
The adder completely misses you.
It was a potion of brilliance.
You feel clever all of a sudden.
You die...

##..... ## ### # ......
..##.. ##. ..... .....
##..##.... 8..8 #.........
#..# #<.... #.r# #.)†..
#######Sl# #.....
#.#...#@r# ##....
##.#.#.#..# ##....
#......##'##########..###
####.#.#..#.............##
..............###########
#.#†.#.###.######
..####.................
#........##.###.#######
##.....#.##..##..#


You could see an adder (ally target), a frilled lizard and 2 friendly rats.

Vanquished Creatures
  A dart slug (D:1)
  A ball python (D:1)
  3 bats
  A goblin (D:2)
  A hobgoblin (D:1)
  A frilled lizard (D:1)
8 creatures vanquished.

Vanquished Creatures (collateral kills)
  An endoplasm (D:1)
  2 giant cockroaches
  3 hobgoblins (D:1)
  A quokka (D:2)
  A ball python (D:1)
  2 bats
10 creatures vanquished.

Grand Total: 18 creatures vanquished

Notes
Turn   | Place    | Note
-------+----------+-------------------------------------------
     0 | D:1      | adizb the Demigod Summoner began the quest for the Orb.
     0 | D:1      | Reached XP level 1. HP: 14/14 MP: 5/5
   334 | D:1      | Reached XP level 2. HP: 16/20 MP: 5/7
   736 | D:2      | HP: 1/20 [poisoned by an adder]
   737 | D:2      | Succumbed to an adder's poison

Illustrated notes

Levels and vault maps discovered:
D:1:      dpeg_arrival_tiny_a, layout_loops_cross,
          corexii_item_surrounded_by_moat, serial_park_tiny_pond,
          chequers_serial_rivers_micro_a, minmay_ruptured
D:2:      minmay_chambers_of_twos, layout_rooms, minmay_misc_feat_secret_circle,
          hangedman_decor_points, guppyfry_early_lair_pool

Skill      XL: |  1 |
---------------+----+-----
Dodging        | 2 |  2.3
Spellcasting   | 2 |  2.1
Stealth        | |  1.7
Summonings     | |  3.9

Action                     || total
---------------------------++-------
  Melee: Unarmed           ||    18
         Whip              ||    60
         Punch             ||     3
   Cast: Summon Small Mamm ||    17
    Use: Potion            ||     1
   Stab: Distracted        ||     2
 Armour: Robe              ||    24
  Dodge: Dodged            ||    75
